Map: [ESL] Babylon

Players

Lambo - Winner!

  • Race: Zerg Zerg
  • League: Master
  • Spawn Location: 5:00

Harstem

  • Race: Protoss Protoss
  • League: Master
  • Spawn Location: 11:00

Event: HomeStory Cup XXIII

VOD

Have the link to the VOD?

Description

Time

  • Played on: June 30, 2023, 6:38 a.m.
  • Length: 13:36

All games in this series

Show
View Real Time Build Order
Export as new Build Order

Lambo Zerg - Winner!

Build Orders: Hatch First, Lurkers 

Get SALT Encoding   

  12  0:00  Drone  
  13  0:12  Overlord  
  13  0:17  Drone  
  14  0:30  Drone x2  
  16  0:43  Drone  
  17  0:52  Hatchery  
  17  0:54  Drone  
  17  0:59  Drone  
  18  1:08  Extractor  
  17  1:13  Spawning Pool  
  17  1:16  Drone  
  17  1:22  Drone  
  18  1:27  Drone  
  19  1:41  Drone  
  20  1:53  Overlord  
  20  2:03  Queen  
  20  2:04  Queen  
  20  2:05  Drone, Zergling x2  
  26  2:12  Metabolic Boost  
  26  2:14  Zergling x2  
  28  2:15  Drone  
  28  2:22  Drone  
  29  2:25  Drone  
  30  2:33  Drone  
  31  2:39  Hatchery  
  30  2:45  Queen  
  30  2:51  Overlord  
  32  2:54  Zergling x2  
  32  2:55  Drone  
  34  2:59  Zergling x2  
  35  3:06  Zergling x2  
  35  3:08  Queen  
  35  3:09  Drone  
  39  3:14  Drone x3  
  39  3:17  Drone  
  39  3:19  Drone  
  44  3:25  Overlord  
  44  3:28  Extractor, Drone  
  44  3:33  Overlord  
  45  3:43  Queen  
  45  3:47  Drone  
  45  3:48  Drone x4  
  51  3:51  Drone x2  
  51  3:54  Drone x3  
  56  3:59  Evolution Chamber  
  56  4:01  Queen  
  57  4:03  Drone  
  57  4:06  Drone  
  59  4:12  Drone x2  
  59  4:14  Overlord  
  59  4:16  Spore Crawler  
  60  4:19  Drone x2  
  60  4:23  Drone x4  
  66  4:27  Overlord  
  66  4:28  Spore Crawler  
  64  4:31  Zerg Melee Weapons Level 1  
  64  4:34  Overlord  
  64  4:36  Drone  
  65  4:39  Drone  
  65  4:40  Drone  
  66  4:46  Overlord  
  66  4:47  Drone  
  66  4:51  Baneling Nest  
  65  4:56  Drone x4  
  65  4:58  Drone  
  70  5:05  Hatchery  
  69  5:08  Drone x5  
  69  5:13  Extractor, Overlord  
  69  5:14  Queen  
  73  5:15  Overlord  
  73  5:18  Drone x2  
  77  5:22  Overlord  
  77  5:24  Spore Crawler  
  77  5:27  Zergling x8  
  80  5:30  Zergling x4  
  80  5:32  Zergling x4  
  84  5:36  Lair  
  84  5:39  Zergling x2  
  84  5:40  Zergling x6  
  88  5:46  Zergling x10  
  93  5:50  Overlord  
  93  5:54  Drone  
  93  5:56  Zergling x2  
  93  5:57  Zergling x4  
  96  6:00  Zergling x4  
  98  6:09  Hatchery, Baneling x8, Zergling x2  
  98  6:10  Zergling x10  
  99  6:14  Zergling x4  
  101  6:19  Zergling x4  
  101  6:23  Zergling x4  
  101  6:25  Zergling x4  
  93  6:37  Zergling x2  
  93  6:38  Zergling x20  
  97  6:42  Queen  
  97  6:43  Drone x2  
  97  6:46  Drone  
  98  6:48  Roach Warren  
  98  6:49  Zergling x4  
  98  6:50  Zerg Melee Weapons Level 2  
  98  6:53  Zergling x2  
  97  6:55  Drone x4  
  97  7:01  Drone x2  
  103  7:02  Drone x3  
  103  7:05  Extractor  
  103  7:06  Extractor, Drone x4  
  108  7:11  Overlord  
  108  7:12  Drone  
  108  7:18  Drone x2  
  108  7:21  Drone  
  111  7:23  Spore Crawler  
  111  7:25  Drone x5  
  114  7:32  Roach x8  
  114  7:33  Glial Reconstitution  
  114  7:34  Overlord  
  130  7:40  Drone  
  130  7:41  Drone x5, Queen  
  130  7:43  Extractor  
  136  7:45  Overlord  
  136  7:49  Centrifugal Hooks  
  136  7:59  Drone x4  
  136  8:01  Drone x2  
  136  8:02  Extractor, Roach x2, Spore Crawler  
  136  8:03  Roach x2  
  136  8:05  Overlord  
  148  8:06  Overlord  
  148  8:12  Zergling x18  
  157  8:19  Zergling x2  
  158  8:20  Overlord  
  158  8:23  Overlord  
  157  8:29  Spine Crawler  
  157  8:30  Overlord  
  157  8:31  Zergling x24  
  157  8:32  Hatchery  
  168  8:41  Zergling x12  
  168  8:46  Roach  
  168  8:47  Roach x2  
  168  8:48  Baneling x9  
  179  8:49  Baneling x12  
  179  8:52  Roach x2, Spine Crawler  
  179  8:53  Roach x2  
  184  8:58  Zergling x18  
  188  9:04  Roach x2  
  180  9:13  Roach x5  
  180  9:14  Baneling x4  
  180  9:15  Baneling x5  
  179  9:24  Drone x2  
  180  9:27  Baneling x2, Zergling x2  
  180  9:28  Zergling x22  
  191  9:32  Zergling x6  
  191  9:44  Zergling x10  
  191  9:49  Baneling x13, Infestation Pit  
  191  9:51  Hydralisk Den  
  188  9:53  Zergling x18  
  188  9:55  Baneling x4  
  196  10:03  Zergling x8  
  196  10:06  Baneling x7  
  200  10:15  Extractor, Zergling x2  
  200  10:17  Baneling x7  
  193  10:23  Zergling x24  
  193  10:26  Zergling x14  
  187  10:28  Zergling x2  
  187  10:29  Zergling x12  
  187  10:34  Zergling x6  
  175  10:40  Zergling x6  
  163  10:42  Zergling x2  
  163  10:43  Zergling x4  
  163  10:44  Hive  
  163  10:47  Lurker Den  
  163  10:49  Zergling x10  
  158  10:53  Roach x4  
  158  10:56  Roach  
  158  10:57  Roach x2  
  156  11:02  Roach x2  
  158  11:05  Zergling x2  
  168  11:11  Drone x9  
  168  11:14  Extractor  
  168  11:16  Spine Crawler x2  
  168  11:18  Roach x5  
  175  11:20  Muscular Augments  
  175  11:21  Zerg Missile Weapons Level 1  
  173  11:29  Hydralisk x7  
  183  11:38  Baneling x5  
  178  11:41  Overseer  
  178  11:43  Extractor, Spine Crawler  
  178  11:44  Extractor, Spine Crawler  
  178  11:45  Hydralisk x3  
  180  11:50  Baneling x2  
  180  11:52  Zergling x34  
  197  11:56  Evolution Chamber  
  191  12:14  Seismic Spines  
  179  12:28  Lurker x8  
  179  12:29  Zergling x40  
  197  12:35  Spine Crawler  
  197  12:36  Spine Crawler  
  195  12:37  Zergling x2  
  195  12:38  Zergling x6  
  195  12:44  Baneling x9  
  196  12:45  Zergling x6  
  199  13:01  Baneling x10  
  199  13:03  Zergling x6  
  188  13:14  Zergling x2  
  188  13:15  Zergling x42  
Show
View Real Time Build Order
Export as new Build Order

Harstem Protoss 

Build Orders: 1 Gate Expand, Oracle Opening 

Get SALT Encoding   

  12  0:00  Probe  
  13  0:12  Probe  
  14  0:17  Pylon  
  14  0:24  Probe (Chrono Boost)  
  15  0:36  Probe (Chrono Boost)  
  15  0:41  Gateway  
  16  0:44  Probe (Chrono Boost)  
  16  0:49  Assimilator  
  17  0:51  Probe  
  18  1:03  Probe  
  19  1:15  Probe  
  20  1:25  Nexus  
  20  1:34  Cybernetics Core  
  20  1:37  Probe  
  21  1:44  Assimilator  
  21  1:49  Probe  
  21  1:52  Pylon  
  22  2:01  Probe  
  23  2:08  Adept (Chrono Boost)  
  23  2:12  Warp Gate  
  23  2:13  Probe  
  26  2:26  Probe  
  26  2:29  Adept (Chrono Boost)  
  27  2:37  Stargate  
  29  2:38  Probe x2  
  31  2:50  Probe x2  
  33  3:02  Probe  
  33  3:05  Nexus  
  34  3:08  Probe  
  35  3:14  Probe  
  35  3:17  Assimilator  
  35  3:18  Oracle (Chrono Boost)  
  36  3:20  Probe  
  40  3:28  Gateway  
  40  3:30  Probe  
  40  3:32  Probe  
  42  3:37  Pylon  
  42  3:43  Probe  
  42  3:44  Probe  
  43  3:49  Oracle (Chrono Boost)  
  43  3:55  Probe  
  47  3:56  Probe  
  48  4:02  Adept  
  48  4:07  Probe  
  48  4:08  Probe  
  48  4:09  Twilight Council  
  52  4:17  Probe  
  53  4:19  Probe  
  53  4:20  Probe  
  55  4:24  Stalker x2  
  55  4:29  Probe  
  59  4:31  Probe  
  59  4:32  Probe  
  59  4:33  Gateway  
  59  4:35  Gateway  
  61  4:41  Probe, Blink (Chrono Boost)  
  61  4:44  Probe x2  
  64  4:52  Stalker  
  66  4:53  Probe  
  66  4:55  Pylon  
  66  4:56  Probe  
  66  4:57  Probe  
  66  4:58  Pylon  
  68  5:05  Probe  
  69  5:09  Pylon  
  69  5:13  Probe x2  
  71  5:16  Stalker x2, Shield Battery  
  71  5:17  Probe  
  76  5:25  Probe x2  
  78  5:29  Probe  
  78  5:30  Stalker x2  
  83  5:36  Assimilator  
  83  5:37  Probe x2, Pylon  
  83  5:41  Probe, Stalker x2  
  90  5:49  Probe x2  
  92  5:51  Forge, Assimilator  
  92  5:53  Probe, Assimilator  
  92  5:55  Pylon  
  93  5:59  Stalker  
  93  6:01  Probe x2  
  97  6:09  Stalker x2  
  101  6:11  Pylon  
  101  6:13  Probe x2  
  101  6:14  Probe  
  104  6:26  Probe x3  
  104  6:30  Stalker x2  
  107  6:33  Stalker x2  
  107  6:38  Probe x3 (Chrono Boost)  
  74  6:48  Protoss Ground Weapons Level 1 (Chrono Boost)  
  74  6:50  Probe (Chrono Boost)  
  74  6:51  Probe (Chrono Boost)  
  73  6:54  Stalker x2  
  73  6:56  Probe (Chrono Boost)  
  73  6:58  Templar Archives  
  73  6:59  Probe (Chrono Boost)  
  73  7:00  Probe (Chrono Boost)  
  73  7:01  Gateway  
  79  7:02  Gateway  
  79  7:04  Probe (Chrono Boost)  
  79  7:06  Shield Battery  
  82  7:09  Stalker  
  82  7:10  Probe x2 (Chrono Boost)  
  82  7:11  Probe (Chrono Boost)  
  84  7:16  Probe x2 (Chrono Boost)  
  84  7:17  Probe, Charge  
  84  7:18  Psionic Storm  
  87  7:23  Stalker x2  
  87  7:28  Probe  
  92  7:31  Gateway  
  92  7:32  Probe  
  93  7:44  High Templar x2  
  93  7:50  Probe  
  98  7:51  High Templar  
  100  7:58  High Templar  
  100  8:02  Nexus  
  100  8:05  Pylon  
  102  8:06  High Templar, Pylon  
  102  8:12  Gateway, Photon Cannon  
  104  8:14  Pylon  
  104  8:15  Robotics Facility  
  104  8:17  Zealot x3  
  104  8:19  Probe  
  111  8:24  Pylon  
  111  8:26  Stalker  
  111  8:27  Stalker  
  115  8:34  Probe  
  115  8:35  Shield Battery  
  115  8:38  High Templar, Photon Cannon  
  115  8:39  High Templar  
  120  8:42  Probe  
  120  8:45  Archon  
  121  8:53  Zealot x4, Stalker  
  127  9:07  Stalker  
  126  9:13  Stalker  
  126  9:16  Probe x4  
  117  9:20  High Templar x2, Zealot x4  
  129  9:25  Archon  
  129  9:28  Probe x3, Immortal (Chrono Boost)  
  136  9:41  Photon Cannon  
  136  9:43  Shield Battery  
  136  9:45  Stalker  
  130  9:48  Probe x4  
  130  9:49  Zealot x5  
  130  9:51  Pylon  
  141  9:55  High Templar x2  
  141  9:58  Protoss Ground Weapons Level 2 (Chrono Boost)  
  139  10:00  Probe (Chrono Boost)  
  139  10:02  Archon  
  139  10:06  Probe (Chrono Boost)  
  141  10:08  Gateway  
  141  10:09  High Templar  
  141  10:10  High Templar  
  143  10:24  Archon  
  143  10:32  Archon  
  143  10:33  Archon, Stalker x6  
  139  10:36  Probe  
  139  10:41  Probe  
  122  10:43  Probe  
  122  10:44  Probe, Immortal (Chrono Boost)  
  122  10:48  Probe  
  130  10:57  High Templar x3  
  130  11:00  Photon Cannon  
  130  11:01  Probe  
  130  11:02  Photon Cannon  
  130  11:03  Assimilator  
  137  11:06  Pylon  
  137  11:07  Pylon  
  137  11:08  Pylon  
  137  11:11  Assimilator  
  137  11:13  High Templar  
  137  11:15  Shield Battery  
  137  11:16  Stalker x3  
  137  11:17  Pylon  
  145  11:25  Sentry  
  147  11:26  Stalker  
  149  11:38  Warp Prism (Chrono Boost)  
  143  11:40  Gateway, Stalker x4  
  143  11:41  Assimilator  
  143  11:44  Probe  
  154  11:48  Gateway  
  154  11:49  Gateway, Shield Battery  
  154  11:52  Photon Cannon  
  154  11:55  High Templar  
  154  12:01  Stalker x2  
  145  12:15  Stalker x2  
  145  12:18  Immortal (Chrono Boost), Sentry  
  149  12:35  Fleet Beacon  
  149  12:36  Probe (Chrono Boost)  
  149  12:37  Probe (Chrono Boost)  
  148  12:45  Probe (Chrono Boost)  
  148  12:46  Probe (Chrono Boost)  
  148  12:47  Probe (Chrono Boost)  
  148  12:48  Probe (Chrono Boost)  
  148  12:50  Pylon x2  
  149  12:51  Pylon  
  149  12:57  Zealot x8  
  149  12:58  Zealot  
  157  13:05  Stargate  
  148  13:16  Archon  
  148  13:19  Zealot x7  
Tags
 
Add a new tag
Caveats
  • Supply blocks, unpowered buildings, or Contaminate may cause inaccurate times.
  • Supply counts are checked every 10 seconds.